 Dungeon Crawl Stone Soup version 0.31-a0-220-gc2f4f3cf83 (webtiles) character file.

Game seed: 18445740011904622822

177 qw the Shooter (level 5, -2/31 HPs)
             Began as a Gargoyle Hexslinger on July 3, 2023.
             Slain by a lemure (8 damage)
             ... led by Pikel
             ... on level 4 of the Dungeon.
             The game lasted 00:00:56 (2626 turns).

qw the Shooter (Gargoyle Hexslinger)                Turns: 2626, Time: 00:00:57

Health: -2/31      AC: 10    Str: 11    XL:     5   Next: 57%
Magic:  6/6        EV: 11    Int: 14    God:
Gold:   197        SH:  0    Dex: 14    Spells: 5/6 levels left

rFire   . . .        Y - +1 sling
rCold   . . .        (no shield)
rNeg    + + +        i - +0 leather armour
rPois   inf          (no helmet)
rElec   +            f - +1 cloak
rCorr   .            b - +0 pair of gloves
SInv    .            (no boots)
Will    .....        (no amulet)
Stlth   +            d - ring of positive energy
HPRegen 0.25/turn    k - ring of positive energy
MPRegen 0.10/turn

%: no passive effects
@: no status effects
A: sickness immunity, AC +4, negative energy resistance 1, electricity
resistance, torment resistance 1, petrification resistance
a: no special abilities


You were on level 4 of the Dungeon.
You visited 1 branch of the dungeon, and saw 4 of its levels.

You collected 197 gold pieces.


Innate Abilities, Weirdness & Mutations

You are immune to sickness and miasma.
Your stone body is resilient. (AC +4)
You are immune to poison.
You resist negative energy. (rN+)
You are resistant to electric shocks. (rElec)
You are resistant to unholy torment.
You are immune to petrification.


   Skills:
 + Level 2.3 Fighting
 - Level 5.2 Ranged Weapons
 - Level 1.5 Dodging
 - Level 1.0 Spellcasting
 - Level 2.6 Hexes


You had 5 spell levels left.
You knew the following spells:

 Your Spells              Type           Power      Damage    Failure   Level
a - Slow                  Hex            32%        N/A       12%         1

Your spell library contained the following spells:

 Spells                   Type           Power      Damage    Failure   Level
 Inner Flame              Hex/Fire       4%         N/A       52%         3
 Portal Projectile        Hex/Tloc       8%         N/A       52%         3
 Cause Fear               Hex            4%         N/A       75%         4

Inventory:

Hand Weapons
 Y - a +1 sling (weapon)
Armour
 b - a +0 pair of gloves (worn)
 f - a +1 cloak (worn)
 i - a +0 leather armour (worn)
Jewellery
 d - a ring of positive energy (left hand)
 k - a ring of positive energy (right hand)
Scrolls
 a - a scroll of identify
Potions
 e - a potion of curing
 h - 3 potions of haste

Dungeon Overview and Level Annotations

Branches:
Dungeon (4/15)
 Temple: D:4-7

Altars:

Annotations:
D:3 1 runed translucent door, qw's ghost, amateur GrHs
D:4 Pikel


Message History

Pikel waves his whip at you.
A lemure comes into view.
You shoot a sling bullet.
The sling bullet closely misses the lemure.
An ogre comes into view. It is wielding a +0 giant spiked club.
The lemure hits you but does no damage.
You shoot a sling bullet. The sling bullet hits the lemure.
The lemure is moderately wounded.
A lemure comes into view.
The lemure hits you but does no damage.
You shoot a sling bullet.
The sling bullet closely misses the lemure.
The lemure shouts!
The lemure hits you!
You shoot a sling bullet. The sling bullet hits the lemure.
The lemure is moderately wounded.
A lemure comes into view.
You shoot a sling bullet. The lemure shouts!
The sling bullet hits Pikel but does no damage.
Pikel hits you with a +0 whip of flaming.
Pikel burns you.
You shoot a sling bullet. The sling bullet closely misses Pikel.
The sling bullet hits the lemure.
The lemure is heavily wounded.
Pikel hits you with a +0 whip of flaming.
Pikel burns you.
You shoot a sling bullet.
The sling bullet hits Pikel but does no damage.
Pikel barely misses you. The lemure hits you but does no damage.
You shoot a sling bullet. The sling bullet barely misses Pikel.
The sling bullet hits the lemure.
The lemure is severely wounded.
Pikel hits you with a +0 whip of flaming.
Pikel burns you. The lemure hits you. The lemure barely misses you.
You shoot a sling bullet. The sling bullet hits Pikel.
Pikel is lightly wounded.
Pikel barely misses you. The lemure hits you but does no damage.
The lemure hits you!
You die...

#.###.#.# #..).....
.######### ..........
########.## ...........
##################.)#.##
......55............#.##
....g5K@................
.##..O############.###..
..... #.# ##. .... #.#
#. ... #.# ## .. #.# # .
#.# # #.# #.#####


You could see Pikel, an ogre, 3 lemures and a hobgoblin.

Vanquished Creatures
  A hound (D:4)
  Jessica (D:3)
  5 adders
  An ufetubus (D:4)
  2 worms
  An orc (D:4)
  5 ball pythons
  4 endoplasms
  2 giant cockroaches
  7 goblins
  11 hobgoblins
  6 jackals (D:3)
  A quokka (D:1)
  5 bats
  2 frilled lizards (D:3)
  7 kobolds
  2 rats
63 creatures vanquished.

Notes
Turn   | Place    | Note
-------+----------+-------------------------------------------
     0 | D:1      | qw the Gargoyle Hexslinger began the quest for the Orb.
     0 | D:1      | Reached XP level 1. HP: 12/12 MP: 2/2
     0 | D:1      | 0 ||| qw: Version: 0.3-a-40-ge99b1a8
     0 | D:1      | 0 ||| qw: Game counter: 462
     0 | D:1      | 0 ||| qw: Melee chars always use a shield: true
     0 | D:1      | 0 ||| qw: God list: Okawaru
     0 | D:1      | 0 ||| qw: Allow faded altars: false
     0 | D:1      | 0 ||| qw: Do Orc after clearing Dungeon:15 true
     0 | D:1      | 0 ||| qw: Do second Lair branch before Depths: true
     0 | D:1      | 0 ||| qw: Lair rune preference: random
     0 | D:1      | 0 ||| qw: Goals: Normal
     0 | D:1      | 0 ||| PLANNING D:1-11
    86 | D:1      | Reached XP level 2. HP: 16/16 MP: 3/3
   338 | D:1      | Reached skill level 3 in Ranged Weapons
   688 | D:1      | 688 ||| UPGRADING to +1 cloak.
   693 | D:1      | 693 ||| UPGRADING to ring of positive energy.
   694 | D:1      | 694 ||| READING 3 scrolls labelled TIODICONTU.
   695 | D:1      | 695 ||| DRINKING 2 golden potions.
   696 | D:1      | 696 ||| DRINKING 2 coppery potions.
   697 | D:1      | 697 ||| READING 2 scrolls of identify.
   697 | D:1      | 697 ||| IDENTIFYING white potion
   698 | D:1      | 698 ||| DROPPING scroll of poison.
   699 | D:1      | 699 ||| DROPPING potion of brilliance.
   700 | D:1      | 700 ||| DROPPING potion of magic.
   734 | D:2      | Reached XP level 3. HP: 19/21 MP: 4/4
   735 | D:2      | 735 ||| STAIRDANCE
   866 | D:2      | Found a faded altar of an unknown god.
  1016 | D:2      | Reached XP level 4. HP: 24/26 MP: 5/5
  1148 | D:2      | 1148 ||| READING 3 scrolls of identify.
  1148 | D:2      | 1148 ||| IDENTIFYING fuming sapphire potion
  1179 | D:3      | Reached skill level 4 in Ranged Weapons
  1575 | D:3      | Noticed Jessica
  1586 | D:3      | Killed Jessica
  1587 | D:3      | Reached XP level 5. HP: 25/30 MP: 6/6
  1980 | D:3      | Found a runed translucent door.
  1982 | D:3      | Noticed qw's ghost (amateur GrHs)
  2349 | D:3      | 2349 ||| UPGRADING to +0 pair of gloves.
  2354 | D:3      | 2354 ||| UPGRADING to +0 leather armour.
  2364 | D:3      | 2364 ||| DROPPING +0 robe.
  2365 | D:3      | 2365 ||| UPGRADING to ring of positive energy.
  2366 | D:3      | 2366 ||| READING scroll labelled GEMO BUAMOOX.
  2367 | D:3      | 2367 ||| READING 2 scrolls of identify.
  2367 | D:3      | 2367 ||| IDENTIFYING puce potion
  2368 | D:3      | 2368 ||| DROPPING potion of ambrosia.
  2457 | D:4      | Reached skill level 5 in Ranged Weapons
  2613 | D:4      | Noticed a lemure
  2614 | D:4      | Noticed Pikel
  2617 | D:4      | Noticed a lemure
  2618 | D:4      | Noticed an ogre
  2619 | D:4      | Noticed a lemure
  2621 | D:4      | Noticed a lemure
  2625 | D:4      | HP: 5/31 [lemure[Pikel] (3)]
  2626 | D:4      | Slain by a lemure

Levels and vault maps discovered:
D:1:      dpeg_arrival_shelter, layout_basic, minmay_nonomino_d4
D:2:      layout_rooms, basic_ecumenical_altar
D:3:      layout_basic, ebering_ghost_sewer_d, minmay_bisected, uniq_jessica
D:4:      layout_basic, grunt_ministairs_6, nicolae_letterblocks
          [nicolae_letter_subblock, nicolae_letter_subblock,
          nicolae_letter_subblock, nicolae_letter_subblock,
          nicolae_letter_subblock, nicolae_letter_subblock,
          nicolae_letter_subblock, nicolae_letter_subblock,
          nicolae_letter_subblock, nicolae_letter_subblock,
          nicolae_letter_subblock, nicolae_letter_subblock,
          nicolae_letter_subblock, nicolae_letter_subblock,
          nicolae_letter_subblock, nicolae_letter_subblock,
          nicolae_letter_subblock, nicolae_letter_subblock,
          nicolae_letter_subblock, nicolae_letter_subblock,
          nicolae_letter_subblock, nicolae_letter_subblock,
          nicolae_letter_subblock, nicolae_letter_subblock,
          nicolae_letter_subblock], uniq_pikel, uniq_blork_the_orc

Skill      XL: |  1  2  3  4  5 |
---------------+----------------+-----
Ranged Weapons | 3 4 5 |  5.2
Fighting       | 2 |  2.3
Dodging        | |  1.5
Spellcasting   | |  1.0
Hexes          | |  2.6

Action                     |  1- 3 |  4- 6 || total
---------------------------+-------+-------++-------
   Fire: Sling             |   101 |   138 ||   239
    Use: Scroll            |     2 |     3 ||     5
         Potion            |     2 |       ||     2
 Armour: Robe              |    26 |    22 ||    48
         Leather armour    |       |     7 ||     7
  Dodge: Dodged            |    54 |    37 ||    91

Table legend:
 A = Non-vault XP
 B = Vault XP
 C = Vault XP percentage of total XP
 D = Non-vault monster count
 E = Vault monster count
 F = Vault count percentage of total count
                 A         B        C        D         E       F
            +---------+---------+-------+---------+---------+-------
      Total |     201 |      53 |  20.9 |      52 |      11 |  17.5
            +---------+---------+-------+---------+---------+-------
        D:1 |      17 |      11 |  39.3 |      11 |       6 |  35.3
        D:2 |      72 |       0 |   0.0 |      14 |       0 |   0.0
        D:3 |      46 |      42 |  47.7 |      19 |       5 |  20.8
        D:4 |      66 |       0 |   0.0 |       8 |       0 |   0.0
            +---------+---------+-------+---------+---------+-------
